 Dungeon Crawl Stone Soup version 0.30-a0-956-gcec3b41aec (webtiles) character file.

Game seed: 10754004419129621519

328 dialectric the Slasher (level 6, -17/48 HPs)
             Began as a Demonspawn Fighter on Mar 29, 2023.
             Was an Initiate of Okawaru.
             Demolished by an ogre
             ... wielding a +0 giant club
              (23 damage)
             ... on level 5 of the Dungeon.
             The game lasted 00:03:47 (4015 turns).

dialectric the Slasher (Demonspawn Fighter)         Turns: 4015, Time: 00:03:49

Health: -17/48     AC: 10    Str: 16    XL:     6   Next: 25%
Magic:  6/6        EV:  8    Int: 10    God:    Okawaru [......]
Gold:   295        SH:  0    Dex: 14    Spells: 5/5 levels left

rFire   . . .      SeeInvis .    a - +0 long sword
rCold   . . .      Faith    .    (no shield)
rNeg    . . .      Spirit   .    s - +0 chain mail
rPois   .          Reflect  .    t - +0 helmet
rElec   .          Rampage  .    (no cloak)
rCorr   .                        (no gloves)
Will    .....                    (no boots) Stlth
                                 (no amulet)
HPRegen 0.28/turn                (no ring)
MPRegen 0.10/turn                (no ring)

@: lethally poisoned (-17 -> -31), about to teleport, marked, attractive
A: claws 1, (demonic guardian 1), sturdy frame 1, demonic magic 1
a: Renounce Religion


You were on level 5 of the Dungeon.
You worshipped Okawaru.
Okawaru was noncommittal.
You visited 2 branches of the dungeon, and saw 6 of its levels.

You collected 295 gold pieces.

Inventory:

Hand Weapons
 a - a +0 long sword (weapon)
Missiles
 r - 5 javelins (quivered)
 y - 2 throwing nets
Armour
 b - a +0 scale mail
 c - a +0 buckler
 s - a +0 chain mail (worn)
 t - a +0 helmet (worn)
Jewellery
 q - a ring of wizardry
 A - a ring of protection from fire
Scrolls
 e - 3 scrolls of silence
 f - 3 scrolls of teleportation
 g - a scroll of torment
 h - 2 scrolls of identify {unknown}
 m - 2 scrolls of immolation {unknown}
 n - 3 scrolls of blinking {unknown}
 o - 2 scrolls of noise {unknown}
 v - 3 scrolls of vulnerability {unknown}
 w - a scroll of brand weapon {unknown}
 x - a scroll of amnesia {unknown}
 z - a scroll of butterflies {unknown}
 B - a scroll of fog {unknown}
Potions
 d - 3 potions of might
 i - a potion of degeneration {unknown}
 j - a potion of berserk rage
 k - 2 potions of curing {unknown}
 l - a potion of flight {unknown}
 p - a potion of attraction
 u - 2 potions of lignification {unknown}
 C - a potion of ambrosia {unknown}


   Skills:
 + Level 4.0 Fighting
 + Level 4.1 Long Blades
 + Level 4.0 Armour
 * Level 1.6 Dodging
 + Level 0.2 Stealth
 - Level 2.6 Shields


You had 5 spell levels left.
You didn't know any spells.
Your spell library contained the following spells:

 Spells                   Type           Power      Damage    Failure   Level
 Ensorcelled Hibernation  Hex/Ice        0%         N/A       99%         2
 Ozocubu's Armour         Ice            0%         N/A       100%        3
 Spider Form              Tmut/Pois      0%         N/A       100%        3
 Anguish                  Hex/Necr       0%         N/A       100%        4
 Ozocubu's Refrigeration  Ice            0%         4d7       100%        7
 Chain Lightning          Conj/Air       0%         N/A       100%        9
 Fire Storm               Conj/Fire      0%         5d1       100%        9
 Shatter                  Erth           0%         3d5*      100%        9


Dungeon Overview and Level Annotations

Branches:
Dungeon (5/15)             Temple (1/1) D:4

Altars:
Gozag
Hepliaklqana
Okawaru
Sif Muna
Uskayaw
Vehumet


Innate Abilities, Weirdness & Mutations

You have sharp fingernails.
((A weak demonic guardian rushes to your aid.))
Your movements are slightly less encumbered by armour. (ER -2)
Spells you cast may paralyse adjacent enemies.


Message History

A water moccasin comes into view.
You hit the adder.
The adder is heavily wounded.
The adder bites you but does no damage.
You slash the adder!
You kill the adder!
Okawaru accepts your kill.
The water moccasin bites you but does no damage. x2
You slash the water moccasin!
The water moccasin is moderately wounded.
The water moccasin bites you but does no damage.
The ogre hits you with a +0 giant club!
You hit the water moccasin.
The water moccasin is heavily wounded.
The water moccasin bites you but does no damage.
The water moccasin bites you. The ogre closely misses you.
Unknown command.
The water moccasin attacks as you move away!
The water moccasin bites you.
You are poisoned.
The water moccasin poisons you!
You feel very sick. The water moccasin barely misses you.
You feel very sick.
An orc comes into view. It is wielding a +0 whip.
You feel sick. The ogre hits you with a +0 giant club!
* * * LOW HITPOINT WARNING * * *
As you read the scroll of teleportation, it crumbles to dust.
You feel strangely unstable.
You feel sick. The water moccasin bites you.
* * * LOW HITPOINT WARNING * * *
You are lethally poisoned!
The water moccasin poisons you! The water moccasin barely misses you.
It was a potion of attraction.
You feel attractive to monsters.
* * * LOW HITPOINT WARNING * * *
You feel very sick. The water moccasin bites you.
* * * LOW HITPOINT WARNING * * *
The ogre hits you with a +0 giant club!!
You die...

......... .
#.......# .#
#.(.....##.. .
####.!...........
...........# o..
####.......##....
...............#
..).....OS.###.#
..#######@.# .
######..#
#.......###.#
#....†..<...#
#..8888.#####
#..8....#
#..8._..#
....8....#
.........#


You could see a water moccasin, an ogre and an orc.

Vanquished Creatures
  A scorpion (D:4)
  A hound (D:5)
  2 iguanas
  Robin (D:2)
  7 adders
  A white imp (D:3)
  An ufetubus (Temple)
  3 worms (D:2)
  A dart slug (D:1)
  7 orcs
  9 ball pythons
  3 endoplasms
  4 giant cockroaches
  11 hobgoblins
  5 jackals (D:1)
  3 quokkas (D:2)
  4 bats
  6 frilled lizards
  13 goblins
  A kobold (D:1)
  5 rats
89 creatures vanquished.

Vanquished Creatures (others)
  6 plants (D:3)
6 creatures vanquished.

Grand Total: 95 creatures vanquished

Notes
Turn   | Place    | Note
-------+----------+-------------------------------------------
     0 | D:1      | dialectric the Demonspawn Fighter began the quest for the
                  | Orb.
     0 | D:1      | Reached XP level 1. HP: 18/18 MP: 1/1
    92 | D:1      | Gained mutation: Your movements are slightly less
                  | encumbered by armour. (ER -2) [demonic ancestry]
    92 | D:1      | Reached XP level 2. HP: 7/24 MP: 2/2
   575 | D:1      | Reached XP level 3. HP: 24/29 MP: 3/3
  1218 | D:2      | Noticed Robin
  1261 | D:2      | Gained mutation: Spells you cast may paralyse adjacent
                  | enemies. [demonic ancestry]
  1261 | D:2      | Reached XP level 4. HP: 32/35 MP: 4/4
  1284 | D:2      | Found a faded altar of an unknown god.
  1378 | D:2      | Killed Robin
  2269 | D:3      | Gained mutation: A weak demonic guardian rushes to your
                  | aid. [demonic ancestry]
  2269 | D:3      | Reached XP level 5. HP: 14/42 MP: 5/5
  3250 | D:4      | Found a staircase to the Ecumenical Temple.
  3284 | Temple   | Entered the Ecumenical Temple
  3425 | Temple   | Became a worshipper of Warmaster Okawaru
  3499 | D:4      | Reached skill level 1 in Dodging
  3696 | D:4      | Gained mutation: You have sharp fingernails. [demonic
                  | ancestry]
  3696 | D:4      | Reached XP level 6. HP: 27/48 MP: 6/6
  3909 | D:5      | Entered Level 5 of the Dungeon
  3909 | D:5      | Found a hazy altar of Hepliaklqana.
  4004 | D:5      | Noticed a water moccasin
  4015 | D:5      | Demolished by an ogre

Illustrated notes

Levels and vault maps discovered:
D:1:      nzn_arrival_water_spiral, layout_basic, minmay_tromino_v4_a
D:2:      layout_basic, basic_ecumenical_altar, minmay_pentomino_pile,
          uniq_robin
D:3:      minmay_general_purpose_star, layout_loops_cross,
          nicolae_elyvilon_temple_path
D:4:      layout_basic, minmay_temple_entry_glassed_door, sigmund_army
D:5:      layout_loops_cross, mainiacjoe_overflow_boulevard,
          mainiacjoe_overflow_chevrons, gammafunk_ghost_cemetery,
          minmay_pentangle
Temple:   nicolae_temple_bog_church

Skill      XL: |  1  2  3  4  5  6 |
---------------+-------------------+-----
Armour         | 3 4 |  4.0
Long Blades    | 2 3 4 |  4.1
Dodging        | 1 |  1.6
Fighting       | 4 |  4.0
Stealth        | |  0.2
Shields        | |  2.6

Action                     |  1- 3 |  4- 6 || total
---------------------------+-------+-------++-------
  Melee: Long sword        |   134 |   154 ||   288
         Punch             |     2 |       ||     2
    Use: Scroll            |     2 |     3 ||     5
         Potion            |       |     2 ||     2
 Armour: Scale mail        |    72 |    10 ||    82
         Chain mail        |       |    90 ||    90
  Dodge: Dodged            |   103 |    81 ||   184

Table legend: (Time is in decaauts)
 A = Elapsed time spent in this place.
 B = Non-inter-level travel time spent in this place.
 C = Inter-level travel time spent in this place.
 D = Time resting spent in this place.
 E = Time spent auto-exploring this place.
 F = Levels seen in this place.
 G = Mean time per level.
                   A        B        C        D        E       F      G
               +--------+--------+--------+--------+--------+-----+--------+
         Total |   4101 |   3990 |    111 |    480 |   2750 |   6 |  683.5 |
       Dungeon |   3942 |   3847 |     95 |    360 |   2742 |   5 |  788.4 |
        Temple |    158 |    142 |     16 |    120 |      8 |   1 |  158.0 |
               +--------+--------+--------+--------+--------+-----+--------+

Top non-repeatable levels by time:
     D:2: 1252 daAuts
     D:3: 1057 daAuts
     D:1: 878 daAuts
     D:4: 646 daAuts
  Temple: 158 daAuts
     D:5: 107 daAuts
